Buffalo Sabres vs San Jose Sharks

Created - jeudi 18 octobre 2018 at 19:00

Goals
1 2 3 T
Buffalo Sabres 0 1 0 1
San Jose Sharks 1 0 2 3
Shots
1 2 3 T
Buffalo Sabres 13 16 6 35
San Jose Sharks 12 8 8 28

1st period

1. San Jose Sharks , Chris Tierney 2 (Clayton Keller 3, Logan Couture 1) at 4:12 (PP)

Penalties :
Curtis Lazar (BUF) for Hooking (Minor) at 3:36, Christian Dvorak (SJS) for Hooking (Minor) at 7:59, Timo Meier (SJS) for High sticking (Minor) at 14:35

2nd period

2. Buffalo Sabres , John Tavares 1 (Ryan Nugent-Hopkins 1, Casey Nelson 1) at 2:45

Penalties :
Brendan Guhle (BUF) for Tripping (Minor) at 7:17, Jesper Fast (BUF) for Hooking (Minor) at 15:01

3rd period

3. San Jose Sharks , Mikkel Boedker 2 (Andre Burakovsky 1, Anthony Cirelli 5) at 1:47
4. San Jose Sharks , Clayton Keller 4 (Mike Reilly 2) at 9:59

Penalties :
Brendan Guhle (BUF) for High sticking (Minor) at 13:42, Anthony Cirelli (SJS) for Tripping (Minor) at 19:20

Goalie Stats

Robin Lehner (BUF), 25 saves from 28 shots - (0.893), L, 1-5-1, 60:00 minutes
Cam Talbot (SJS), 34 saves from 35 shots - (0.971), W, 3-4-0, 60:00 minutes

Players Stats for Buffalo Sabres

Player Name              G  A  P  +/- PIM S  H  SB GA TA FO     MP     PP MP  PK MP  
------------------------------------------------------------------------------------
Brendan Guhle            0  0  0   0  4   1  1  0  0  0  0/0    14:57   0:00   0:41 
Casey Nelson             0  1  1   0  0   1  0  1  0  1  0/0    15:03   0:00   0:41 
Curtis Lazar             0  0  0   0  2   1  3  0  1  1  0/0    13:43   0:00   1:05 
Evan Rodrigues           0  0  0   0  0   3  1  0  0  0  5/11   16:04   2:11   0:00 
Filip Chlapik            0  0  0  -1  0   0  2  0  1  0  1/3     8:26   0:00   0:00 
Jake McCabe              0  0  0  -1  0   1  2  0  0  2  0/0    19:59   2:27   1:56 
Jason Pominville         0  0  0   0  0   1  0  0  1  0  0/0    17:41   2:11   1:36 
Jesper Fast              0  0  0   0  2   1  1  1  0  1  0/4    17:54   2:26   1:36 
John Tavares             1  0  1   0  0   3  1  0  1  0  19/31  19:57   2:26   3:37 
Justin Bailey            0  0  0  -1  0   4  2  0  2  0  0/0     8:43   0:00   0:33 
Marco Scandella          0  0  0  -1  0   1  1  0  0  1  0/0    19:51   2:27   1:56 
Marcus Foligno           0  0  0   0  0   1  5  0  1  0  1/1    16:04   2:11   0:00 
Nicholas Baptiste        0  0  0  -1  0   1  2  0  0  0  0/0     8:26   0:00   0:00 
Nicolas Deslauriers      0  0  0   0  0   2  4  0  0  0  0/0    13:45   0:00   0:53 
Rasmus Ristolainen       0  0  0   0  0   2  0  1  1  0  0/0    24:31   2:10   3:55 
Ryan Nugent-Hopkins      0  1  1   0  0   7  0  0  1  0  0/0    20:06   2:26   3:40 
Tyler Myers              0  0  0   0  0   4  0  1  0  0  0/0    24:26   2:10   3:55 
Zemgus Girgensons        0  0  0   0  0   1  1  0  0  0  2/12   13:47   0:00   0:08 

Players Stats for San Jose Sharks

Player Name              G  A  P  +/- PIM S  H  SB GA TA FO     MP     PP MP  PK MP  
------------------------------------------------------------------------------------
Aaron Ekblad             0  0  0  -1  0   0  0  3  0  1  0/0    25:43   2:41   1:32 
Andre Burakovsky         0  1  1   1  0   0  2  0  1  1  1/2    15:07   1:07   0:35 
Anthony Cirelli          0  1  1   1  2   0  2  0  0  0  6/11   13:18   0:17   0:00 
Brent Burns              0  0  0  -1  0   3  1  2  0  1  0/0    22:25   2:41   3:05 
Chris Tierney            1  0  1   0  0   3  0  0  0  1  8/16   18:30   3:58   2:09 
Christian Dvorak         0  0  0   1  2   0  1  0  0  1  11/20  16:27   1:27   0:00 
Clayton Keller           1  1  2   1  0   7  3  0  0  0  1/2    17:30   3:02   0:00 
David Schlemko           0  0  0   1  0   0  0  0  0  0  0/0    14:41   0:50   0:00 
Drew Stafford            0  0  0  -1  0   0  2  0  0  0  4/4    11:40   0:43   2:00 
Karl Alzner              0  0  0   1  0   1  3  3  1  2  0/0    20:26   3:02   3:05 
Kevin Labanc             0  0  0   0  0   1  1  0  0  0  0/0    14:25   1:27   0:00 
Logan Couture            0  1  1   0  0   4  1  0  1  1  3/6    19:33   4:08   2:28 
Mike Reilly              0  1  1   1  0   0  1  2  0  0  0/0    18:10   3:02   0:00 
Mikkel Boedker           1  0  1   1  0   3  0  1  3  1  0/1    13:31   0:46   0:00 
Roman Polak              0  0  0   1  0   1  4  1  0  0  0/0    16:50   0:50   1:32 
Timo Meier               0  0  0   1  2   1  3  0  0  0  0/0    16:18   1:27   0:00 
Tommy Wingels            0  0  0  -1  0   1  2  1  0  0  0/0    11:37   0:51   2:02 
Tyler Ennis              0  0  0  -1  0   3  1  0  0  0  0/0     9:09   0:26   0:00 

3 Stars

1 - Cam Talbot (SJS)
2 - Clayton Keller (SJS)
3 - Mikkel Boedker (SJS)

Power Play

Buffalo Sabres - 0 on 3 Attempt(s) - 0.00%
San Jose Sharks - 1 on 4 Attempt(s) - 25.00%

Penalty Kill

Buffalo Sabres - 3 on 4 Attempt(s) - 75.00% - Score 0 goal in Penalty Kill
San Jose Sharks - 3 on 3 Attempt(s) - 100.00% - Score 0 goal in Penalty Kill

Team Stat

Buffalo Sabres - Hits : 26 - Faceoff Wins : 28 - Blocked Shots : 4 - Penalty Minutes : 8
San Jose Sharks - Hits : 27 - Faceoff Wins : 34 - Blocked Shots : 13 - Penalty Minutes : 6

Official

Referees : Dave Jackson and Steve Kozari
Linesman : Scott Driscoll and Andrew Smith

Game Notes

No Game Note

Finance

Level 1 -- Attendance: 10042 (94.74%) -- Ticket Income fr. 793'318
Level 2 -- Attendance: 2122 (96.45%) -- Ticket Income fr. 135'808
Level 3 -- Attendance: 3658 (98.86%) -- Ticket Income fr. 120'714
Level 4 -- Attendance: 1331 (91.79%) -- Ticket Income fr. 26'620
Luxury Box -- Attendance: 43 (86.00%) -- Ticket Income fr. 8'686
Game was played at the SAP Center.
Total Attendance: 17196 (95.53%)
Total Ticket Income: fr. 1'085'146
Total Income: fr. 1'085'146

Buffalo Sabres

5 vs 5 Forward 
   Center                   Left Wing                Right Wing               Time % Phy DF OF 
 1 John Tavares             Ryan Nugent-Hopkins      Jesper Fast              30     1   2  2  
 2 Evan Rodrigues           Marcus Foligno           Jason Pominville         30     1   2  2  
 3 Zemgus Girgensons        Curtis Lazar             Nicolas Deslauriers      25     1   2  2  
 4 Filip Chlapik            Justin Bailey            Nicholas Baptiste        15     1   2  2  

5 vs 5 Defense 
   Defense                  Defense                                           Time % Phy DF OF 
 1 Rasmus Ristolainen       Tyler Myers                                       30     1   2  2  
 2 Marco Scandella          Jake McCabe                                       30     1   2  2  
 3 Casey Nelson             Brendan Guhle                                     25     1   2  2  
 4 Rasmus Ristolainen       Tyler Myers                                       15     1   2  2  

PowerPlay Forward 
   Center                   Left Wing                Right Wing               Time % Phy DF OF 
 1 John Tavares             Ryan Nugent-Hopkins      Jesper Fast              50     1   2  2  
 2 Evan Rodrigues           Marcus Foligno           Jason Pominville         50     1   2  2  

PowerPlay Defense
   Defense                  Defense                                           Time % Phy DF OF 
 1 Rasmus Ristolainen       Tyler Myers                                       50     1   2  2  
 2 Marco Scandella          Jake McCabe                                       50     1   2  2  

Penalty Kill 4 Players Forward 
   Center                   Wing                     Time % Phy DF OF 
 1 John Tavares             Ryan Nugent-Hopkins      50     1   2  2  
 2 Jesper Fast              Jason Pominville         50     1   2  2  

Penalty Kill 4 Players Defense
   Defense                  Defense                  Time % Phy DF OF 
 1 Rasmus Ristolainen       Tyler Myers              50     1   2  2  
 2 Marco Scandella          Jake McCabe              50     1   2  2  

Penalty Kill - 3 Players Forward 
   Forward                                           Time % Phy DF OF 
 1 John Tavares                                      50     1   2  2  
 2 Ryan Nugent-Hopkins                               50     1   2  2  

Penalty Kill - 3 Players Defense
   Defense                  Defense                  Time % Phy DF OF 
 1 Rasmus Ristolainen       Tyler Myers              50     1   2  2  
 2 Marco Scandella          Jake McCabe              50     1   2  2  

4 vs 4 Forward 
   Center                   Wing                     Time % Phy DF OF 
 1 John Tavares             Ryan Nugent-Hopkins      50     1   2  2  
 2 Jesper Fast              Jason Pominville         50     1   2  2  

4 vs 4 Defense
   Defense                  Defense                  Time % Phy DF OF 
 1 Rasmus Ristolainen       Tyler Myers              50     1   2  2  
 2 Marco Scandella          Jake McCabe              50     1   2  2  

Last Minutes Offensive
   Center                   Left Wing                Right Wing               Defense                  Defense                  
   John Tavares             Ryan Nugent-Hopkins      Jesper Fast              Rasmus Ristolainen       Tyler Myers              

Last Minutes Defensive
   Center                   Left Wing                Right Wing               Defense                  Defense                  
   John Tavares             Ryan Nugent-Hopkins      Jesper Fast              Rasmus Ristolainen       Tyler Myers              

Goaltenders
Starting : Robin Lehner             
Backup : Linus Ullmark            

Extra Forwards
Normal : Zemgus Girgensons, Curtis Lazar, Nicolas Deslauriers - PP : Zemgus Girgensons, Curtis Lazar - PK : Nicolas Deslauriers
Extra Defensemen
Normal : Casey Nelson, Brendan Guhle, Marco Scandella - PP : Casey Nelson - PK : Brendan Guhle, Marco Scandella
Penalty Shots
John Tavares, Ryan Nugent-Hopkins, Jesper Fast, Jason Pominville, Evan Rodrigues
Custom OT Lines Forwards
John Tavares, Ryan Nugent-Hopkins, Jesper Fast, Jason Pominville, Evan Rodrigues, Marcus Foligno, Zemgus Girgensons, Curtis Lazar, Nicolas Deslauriers, Justin Bailey
Custom OT Lines Defensemen
Rasmus Ristolainen, Tyler Myers, Marco Scandella, Jake McCabe, Casey Nelson

Scratches
Dmitry Kulikov (Right Leg Injury)

San Jose Sharks

5 vs 5 Forward 
   Center                   Left Wing                Right Wing               Time % Phy DF OF 
 1 Chris Tierney            Logan Couture            Kevin Labanc             30     1   1  3  
 2 Christian Dvorak         Clayton Keller           Timo Meier               30     1   1  3  
 3 Anthony Cirelli          Andre Burakovsky         Mikkel Boedker           25     1   2  2  
 4 Drew Stafford            Tommy Wingels            Tyler Ennis              15     2   3  0  

5 vs 5 Defense 
   Defense                  Defense                                           Time % Phy DF OF 
 1 Brent Burns              Aaron Ekblad                                      30     1   2  2  
 2 Karl Alzner              Roman Polak                                       30     1   2  2  
 3 David Schlemko           Mike Reilly                                       25     1   2  2  
 4 Mike Reilly              Aaron Ekblad                                      15     1   2  2  

PowerPlay Forward 
   Center                   Left Wing                Right Wing               Time % Phy DF OF 
 1 Chris Tierney            Clayton Keller           Logan Couture            50     0   1  4  
 2 Christian Dvorak         Kevin Labanc             Timo Meier               50     0   1  4  

PowerPlay Defense
   Defense                  Defense                                           Time % Phy DF OF 
 1 Brent Burns              Aaron Ekblad                                      50     0   2  3  
 2 Mike Reilly              Karl Alzner                                       50     0   2  3  

Penalty Kill 4 Players Forward 
   Center                   Wing                     Time % Phy DF OF 
 1 Chris Tierney            Tommy Wingels            50     1   4  0  
 2 Logan Couture            Drew Stafford            50     1   4  0  

Penalty Kill 4 Players Defense
   Defense                  Defense                  Time % Phy DF OF 
 1 Brent Burns              Karl Alzner              50     2   3  0  
 2 Aaron Ekblad             Roman Polak              50     2   3  0  

Penalty Kill - 3 Players Forward 
   Forward                                           Time % Phy DF OF 
 1 Anthony Cirelli                                   50     1   4  0  
 2 Chris Tierney                                     50     1   4  0  

Penalty Kill - 3 Players Defense
   Defense                  Defense                  Time % Phy DF OF 
 1 Karl Alzner              Roman Polak              50     1   4  0  
 2 David Schlemko           Mike Reilly              50     1   4  0  

4 vs 4 Forward 
   Center                   Wing                     Time % Phy DF OF 
 1 Anthony Cirelli          Mikkel Boedker           50     1   2  2  
 2 Christian Dvorak         Andre Burakovsky         50     1   2  2  

4 vs 4 Defense
   Defense                  Defense                  Time % Phy DF OF 
 1 Brent Burns              David Schlemko           50     1   2  2  
 2 Aaron Ekblad             Roman Polak              50     1   2  2  

Last Minutes Offensive
   Center                   Left Wing                Right Wing               Defense                  Defense                  
   Chris Tierney            Logan Couture            Clayton Keller           Brent Burns              Aaron Ekblad             

Last Minutes Defensive
   Center                   Left Wing                Right Wing               Defense                  Defense                  
   Anthony Cirelli          Timo Meier               Tyler Ennis              David Schlemko           Roman Polak              

Goaltenders
Starting : Cam Talbot               
Backup : Reto Berra               

Extra Forwards
Normal : Tyler Ennis, Tommy Wingels, Andre Burakovsky - PP : Logan Couture, Clayton Keller - PK : Chris Tierney
Extra Defensemen
Normal : David Schlemko, Mike Reilly, Karl Alzner - PP : Brent Burns - PK : Mike Reilly, Karl Alzner
Penalty Shots
Logan Couture, Clayton Keller, Kevin Labanc, Chris Tierney, Christian Dvorak
Custom OT Lines Forwards
Logan Couture, Clayton Keller, Timo Meier, Chris Tierney, Christian Dvorak, Kevin Labanc, Mikkel Boedker, Andre Burakovsky, Anthony Cirelli, Tyler Ennis
Custom OT Lines Defensemen
Brent Burns, Aaron Ekblad, Karl Alzner, Roman Polak, David Schlemko

Scratches
Barclay Goodrow (Healthy), Jimmy Hayes (Healthy), Marcus Sorensen (Healthy)

% Time on Ice - Buffalo Sabres

Lines # - Real PCT - Wanted PCT - Time Play
Normal Forward
1 - 29% - 30% - 13:58
2 - 28% - 30% - 13:54
3 - 25% - 25% - 12:24
4 - 18% - 15% - 8:34
Normal Defense
1 - 29% - 30% - 14:09
2 - 31% - 30% - 14:59
3 - 30% - 25% - 14:43
4 - 10% - 15% - 4:59
PP Forward
1 - 53% - 50% - 2:26
2 - 47% - 50% - 2:11
PP Defense
1 - 47% - 50% - 2:10
2 - 53% - 50% - 2:27
PK Forward
1 - 71% - 50% - 4:38
2 - 29% - 50% - 1:55
PK Defense
1 - 70% - 50% - 4:37
2 - 30% - 50% - 1:56
PK3 Forward
1 - 0% - 50%
2 - 0% - 50%
PK3 Defense
1 - 0% - 50%
2 - 0% - 50%
44 Forward
1 - 0% - 50%
2 - 0% - 50%
44 Defense
1 - 0% - 50%
2 - 0% - 50%
Last Minute Offensive  - 0:00
Last Minute Defensive  - 0:00
Total
Forward - 60:00
Defense - 60:00

% Time on Ice - San Jose Sharks

Lines # - Real PCT - Wanted PCT - Time Play
Normal Forward
1 - 27% - 30% - 13:16
2 - 31% - 30% - 15:18
3 - 24% - 25% - 11:43
4 - 18% - 15% - 8:33
Normal Defense
1 - 30% - 30% - 14:50
2 - 32% - 30% - 15:44
3 - 29% - 25% - 13:57
4 - 9% - 15% - 4:19
PP Forward
1 - 78% - 50% - 5:06
2 - 22% - 50% - 1:27
PP Defense
1 - 41% - 50% - 2:41
2 - 59% - 50% - 3:52
PK Forward
1 - 47% - 50% - 2:09
2 - 53% - 50% - 2:28
PK Defense
1 - 67% - 50% - 3:05
2 - 33% - 50% - 1:32
PK3 Forward
1 - 0% - 50%
2 - 0% - 50%
PK3 Defense
1 - 0% - 50%
2 - 0% - 50%
44 Forward
1 - 0% - 50%
2 - 0% - 50%
44 Defense
1 - 0% - 50%
2 - 0% - 50%
Last Minute Offensive  - 0:00
Last Minute Defensive  - 0:00
Total
Forward - 60:00
Defense - 60:00

Play by Play

1st period


0:01 of 1st period - Logan Couture wins face-off versus John Tavares in neutral zone.
0:03 of 1st period - Off-side.
0:04 of 1st period - Chris Tierney wins face-off versus John Tavares in neutral zone.
0:17 of 1st period - Wrist shot by Kevin Labanc.
0:17 of 1st period - Deflect By Logan Couture.
0:17 of 1st period - Shot Misses the Net.
0:17 of 1st period - Puck is out of play.
0:18 of 1st period - Christian Dvorak wins face-off versus Evan Rodrigues in Buffalo Sabres zone.
0:19 of 1st period - Snap shot by Clayton Keller.
0:19 of 1st period - Stopped by Robin Lehner without a rebound.
0:20 of 1st period - Evan Rodrigues wins face-off versus Christian Dvorak in Buffalo Sabres zone.
0:45 of 1st period - Karl Alzner is hit by Justin Bailey and loses puck.
0:56 of 1st period - Wrist shot by Justin Bailey.
0:56 of 1st period - Stopped by Cam Talbot with a rebound.
2:18 of 1st period - Slapshot by Justin Bailey.
2:18 of 1st period - Deflect By Nicholas Baptiste.
2:18 of 1st period - Stopped by Cam Talbot with a rebound.
2:20 of 1st period - Slapshot by Marco Scandella.
2:20 of 1st period - Stopped by Cam Talbot without a rebound.
2:21 of 1st period - Anthony Cirelli wins face-off versus Zemgus Girgensons in San Jose Sharks zone.
2:46 of 1st period - Chris Tierney is hit by Marcus Foligno and loses puck.
3:07 of 1st period - Wrist shot by Ryan Nugent-Hopkins.
3:07 of 1st period - Stopped by Cam Talbot without a rebound.
3:08 of 1st period - John Tavares wins face-off versus Christian Dvorak in San Jose Sharks zone.
3:13 of 1st period - Snap shot by Ryan Nugent-Hopkins.
3:13 of 1st period - Shot Misses the Net.
3:15 of 1st period - Slapshot by Tyler Myers.
3:15 of 1st period - Stopped by Cam Talbot without a rebound.
3:16 of 1st period - Anthony Cirelli wins face-off versus Zemgus Girgensons in San Jose Sharks zone.
3:36 of 1st period - Minor Penalty to Curtis Lazar for Hooking.
3:37 of 1st period - Chris Tierney wins face-off versus John Tavares in Buffalo Sabres zone.
3:46 of 1st period - Wrist shot by Logan Couture.
3:46 of 1st period - Stopped by Robin Lehner without a rebound.
3:47 of 1st period - Clayton Keller wins face-off versus John Tavares in Buffalo Sabres zone.
4:12 of 1st period - Slapshot by Clayton Keller.
4:12 of 1st period - Deflect By Chris Tierney.
4:12 of 1st period - Goal by Chris Tierney - Buffalo Sabres : 0 - San Jose Sharks : 1.
4:13 of 1st period - John Tavares wins face-off versus Chris Tierney in neutral zone.
4:38 of 1st period - Rasmus Ristolainen is hit by Timo Meier and loses puck.
4:43 of 1st period - Wrist shot by Clayton Keller.
4:43 of 1st period - Stopped by Robin Lehner with a rebound.
5:03 of 1st period - Snap shot by Nicolas Deslauriers.
5:03 of 1st period - Shot Misses the Net.
5:05 of 1st period - Snap shot by Zemgus Girgensons.
5:05 of 1st period - Shot Blocked by Mike Reilly.
5:07 of 1st period - Backhand shot by Nicolas Deslauriers.
5:07 of 1st period - Shot Misses the Net.
5:35 of 1st period - Tommy Wingels is hit by Filip Chlapik and loses puck.
6:35 of 1st period - Jesper Fast is hit by Roman Polak and loses puck.
7:10 of 1st period - Slapshot by Brent Burns.
7:10 of 1st period - Stopped by Robin Lehner without a rebound.
7:11 of 1st period - Drew Stafford wins face-off versus Evan Rodrigues in Buffalo Sabres zone.
7:22 of 1st period - Slapshot by Tyler Ennis.
7:22 of 1st period - Stopped by Robin Lehner with a rebound.
7:37 of 1st period - Marco Scandella is hit by Roman Polak and loses puck.
7:50 of 1st period - Slapshot by Tyler Ennis.
7:50 of 1st period - Stopped by Robin Lehner with a rebound.
7:52 of 1st period - Snap shot by Roman Polak.
7:52 of 1st period - Stopped by Robin Lehner with a rebound.
7:54 of 1st period - Slapshot by Karl Alzner.
7:54 of 1st period - Stopped by Robin Lehner without a rebound.
7:55 of 1st period - John Tavares wins face-off versus Christian Dvorak in Buffalo Sabres zone.
7:59 of 1st period - Minor Penalty to Christian Dvorak for Hooking.
8:00 of 1st period - Logan Couture wins face-off versus John Tavares in San Jose Sharks zone.
8:06 of 1st period - Slapshot by John Tavares.
8:06 of 1st period - Shot Blocked by Brent Burns.
8:16 of 1st period - Wrist shot by John Tavares.
8:16 of 1st period - Shot Blocked by Karl Alzner.
9:38 of 1st period - Icing by Jason Pominville.
9:39 of 1st period - Evan Rodrigues wins face-off versus Logan Couture in Buffalo Sabres zone.
9:46 of 1st period - Andre Burakovsky is hit by Marcus Foligno and loses puck.
9:59 of 1st period - Penalty to Christian Dvorak is over, Christian Dvorak is back on ice.
10:05 of 1st period - Slapshot by Nicolas Deslauriers.
10:05 of 1st period - Deflect By Curtis Lazar.
10:05 of 1st period - Deflect By Timo Meier.
10:05 of 1st period - Shot Blocked by Karl Alzner.
10:05 of 1st period - Puck is out of play.
10:06 of 1st period - Christian Dvorak wins face-off versus Zemgus Girgensons in San Jose Sharks zone.
10:06 of 1st period - Christian Dvorak is hit by Nicolas Deslauriers.
10:16 of 1st period - Curtis Lazar is hit by Mike Reilly and loses puck.
10:40 of 1st period - Wrist shot by Justin Bailey.
10:40 of 1st period - Stopped by Cam Talbot without a rebound.
10:41 of 1st period - Chris Tierney wins face-off versus John Tavares in San Jose Sharks zone.
10:54 of 1st period - Karl Alzner is hit by Marco Scandella and loses puck.
11:30 of 1st period - Slapshot by Evan Rodrigues.
11:30 of 1st period - Stopped by Cam Talbot with a rebound.
11:32 of 1st period - Slapshot by Jake McCabe.
11:32 of 1st period - Stopped by Cam Talbot with a rebound.
11:54 of 1st period - Snap shot by Nicholas Baptiste.
11:54 of 1st period - Deflect By Justin Bailey.
11:54 of 1st period - Shot Misses the Net.
11:54 of 1st period - Puck is out of play.
11:55 of 1st period - Drew Stafford wins face-off versus John Tavares in San Jose Sharks zone.
12:00 of 1st period - Snap shot by Tommy Wingels.
12:00 of 1st period - Stopped by Robin Lehner without a rebound.
12:01 of 1st period - John Tavares wins face-off versus Chris Tierney in Buffalo Sabres zone.
12:15 of 1st period - Chris Tierney is hit by John Tavares and loses puck.
12:32 of 1st period - Slapshot by Jason Pominville.
12:32 of 1st period - Stopped by Cam Talbot without a rebound.
12:33 of 1st period - Christian Dvorak wins face-off versus Zemgus Girgensons in San Jose Sharks zone.
12:33 of 1st period - Christian Dvorak is hit by Nicolas Deslauriers.
12:39 of 1st period - Backhand shot by Clayton Keller.
12:39 of 1st period - Deflect By Christian Dvorak.
12:39 of 1st period - Shot Misses the Net.
12:39 of 1st period - Puck is out of play.
12:40 of 1st period - Chris Tierney wins face-off versus Zemgus Girgensons in Buffalo Sabres zone.
12:51 of 1st period - Snap shot by Chris Tierney.
12:51 of 1st period - Stopped by Robin Lehner without a rebound.
12:52 of 1st period - Chris Tierney wins face-off versus John Tavares in Buffalo Sabres zone.
12:53 of 1st period - Snap shot by Logan Couture.
12:53 of 1st period - Deflect By Chris Tierney.
12:53 of 1st period - Shot Misses the Net.
12:53 of 1st period - Puck is out of play.
12:54 of 1st period - Chris Tierney wins face-off versus John Tavares in Buffalo Sabres zone.
13:19 of 1st period - Christian Dvorak is hit by Marcus Foligno and loses puck.
13:48 of 1st period - Snap shot by Brent Burns.
13:48 of 1st period - Deflect By Tommy Wingels.
13:48 of 1st period - Shot Misses the Net.
13:48 of 1st period - Puck is out of play.
13:49 of 1st period - Anthony Cirelli wins face-off versus John Tavares in Buffalo Sabres zone.
14:35 of 1st period - Minor Penalty to Timo Meier for High sticking.
14:36 of 1st period - John Tavares wins face-off versus Chris Tierney in San Jose Sharks zone.
14:51 of 1st period - Slapshot by Ryan Nugent-Hopkins.
14:51 of 1st period - Stopped by Cam Talbot with a rebound.
15:01 of 1st period - Marcus Foligno is hit by Tommy Wingels and loses puck.
15:10 of 1st period - Snap shot by Jason Pominville.
15:10 of 1st period - Deflect By Evan Rodrigues.
15:10 of 1st period - Shot Misses the Net.
15:10 of 1st period - Puck is out of play.
15:11 of 1st period - John Tavares wins face-off versus Logan Couture in San Jose Sharks zone.
15:12 of 1st period - Slapshot by Ryan Nugent-Hopkins.
15:12 of 1st period - Stopped by Cam Talbot without a rebound.
15:13 of 1st period - John Tavares wins face-off versus Logan Couture in San Jose Sharks zone.
15:18 of 1st period - Wrist shot by Ryan Nugent-Hopkins.
15:18 of 1st period - Shot Misses the Net.
15:44 of 1st period - Snap shot by Marcus Foligno.
15:44 of 1st period - Shot Misses the Net.
15:46 of 1st period - Snap shot by Evan Rodrigues.
15:46 of 1st period - Shot Misses the Net.
15:48 of 1st period - Slapshot by Marcus Foligno.
15:48 of 1st period - Shot Hit the Post.
15:50 of 1st period - Snap shot by Jason Pominville.
15:50 of 1st period - Deflect By Evan Rodrigues.
15:50 of 1st period - Stopped by Cam Talbot with a rebound.
16:35 of 1st period - Penalty to Timo Meier is over, Timo Meier is back on ice.
17:08 of 1st period - Icing by Timo Meier.
17:09 of 1st period - Anthony Cirelli wins face-off versus Filip Chlapik in San Jose Sharks zone.
17:24 of 1st period - Andre Burakovsky is hit by Justin Bailey and loses puck.
17:55 of 1st period - Slapshot by Justin Bailey.
17:55 of 1st period - Stopped by Cam Talbot without a rebound.
17:56 of 1st period - Christian Dvorak wins face-off versus John Tavares in San Jose Sharks zone.
18:21 of 1st period - Brent Burns is hit by Marcus Foligno and loses puck.
18:26 of 1st period - Slapshot by Evan Rodrigues.
18:26 of 1st period - Shot Blocked by Brent Burns.
19:10 of 1st period - Wrist shot by Clayton Keller.
19:10 of 1st period - Stopped by Robin Lehner without a rebound.
19:11 of 1st period - Christian Dvorak wins face-off versus Evan Rodrigues in Buffalo Sabres zone.
Goals for this period are 0 for Buffalo Sabres vs 1 for San Jose Sharks.
Shots for this period are 13 for Buffalo Sabres vs 12 for San Jose Sharks.

2nd period


0:01 of 2nd period - John Tavares wins face-off versus Chris Tierney in neutral zone.
0:48 of 2nd period - Aaron Ekblad is hit by Marcus Foligno.
1:20 of 2nd period - Snap shot by Kevin Labanc.
1:20 of 2nd period - Deflect By Logan Couture.
1:20 of 2nd period - Stopped by Robin Lehner with a rebound.
1:22 of 2nd period - Snap shot by Kevin Labanc.
1:22 of 2nd period - Shot Misses the Net.
1:24 of 2nd period - Snap shot by Brent Burns.
1:24 of 2nd period - Stopped by Robin Lehner with a rebound.
1:26 of 2nd period - Snap shot by Chris Tierney.
1:26 of 2nd period - Shot Misses the Net.
1:28 of 2nd period - Snap shot by Chris Tierney.
1:28 of 2nd period - Stopped by Robin Lehner without a rebound.
1:29 of 2nd period - John Tavares wins face-off versus Christian Dvorak in Buffalo Sabres zone.
1:54 of 2nd period - Christian Dvorak is hit by Nicholas Baptiste.
2:00 of 2nd period - Snap shot by Justin Bailey.
2:00 of 2nd period - Shot Misses the Net.
2:06 of 2nd period - Wrist shot by Nicholas Baptiste.
2:06 of 2nd period - Shot Blocked by Roman Polak.
2:16 of 2nd period - Anthony Cirelli is hit by Zemgus Girgensons and loses puck.
2:37 of 2nd period - Slapshot by Nicolas Deslauriers.
2:37 of 2nd period - Shot Blocked by Aaron Ekblad.
2:39 of 2nd period - Snap shot by John Tavares.
2:39 of 2nd period - Shot Misses the Net.
2:41 of 2nd period - Slapshot by Casey Nelson.
2:41 of 2nd period - Stopped by Cam Talbot with a rebound.
2:43 of 2nd period - Snap shot by Ryan Nugent-Hopkins.
2:43 of 2nd period - Stopped by Cam Talbot with a rebound.
2:45 of 2nd period - Snap shot by John Tavares.
2:45 of 2nd period - Goal by John Tavares - Buffalo Sabres : 1 - San Jose Sharks : 1.
2:46 of 2nd period - John Tavares wins face-off versus Anthony Cirelli in neutral zone.
2:51 of 2nd period - Wrist shot by John Tavares.
2:51 of 2nd period - Stopped by Cam Talbot with a rebound.
2:53 of 2nd period - Snap shot by Jesper Fast.
2:53 of 2nd period - Shot Blocked by Aaron Ekblad.
2:55 of 2nd period - Slapshot by Tyler Myers.
2:55 of 2nd period - Stopped by Cam Talbot without a rebound.
2:56 of 2nd period - John Tavares wins face-off versus Andre Burakovsky in San Jose Sharks zone.
2:59 of 2nd period - Slapshot by Ryan Nugent-Hopkins.
2:59 of 2nd period - Stopped by Cam Talbot with a rebound.
3:01 of 2nd period - Snap shot by Jesper Fast.
3:01 of 2nd period - Stopped by Cam Talbot without a rebound.
3:02 of 2nd period - John Tavares wins face-off versus Christian Dvorak in San Jose Sharks zone.
3:13 of 2nd period - Snap shot by Clayton Keller.
3:13 of 2nd period - Stopped by Robin Lehner with a rebound.
3:15 of 2nd period - Snap shot by Timo Meier.
3:15 of 2nd period - Stopped by Robin Lehner without a rebound.
3:16 of 2nd period - Andre Burakovsky wins face-off versus Evan Rodrigues in Buffalo Sabres zone.
3:41 of 2nd period - Ryan Nugent-Hopkins is hit by Timo Meier and loses puck.
3:46 of 2nd period - Slapshot by Clayton Keller.
3:46 of 2nd period - Stopped by Robin Lehner without a rebound.
3:47 of 2nd period - John Tavares wins face-off versus Christian Dvorak in Buffalo Sabres zone.
3:54 of 2nd period - Marco Scandella is hit by Clayton Keller and loses puck.
5:00 of 2nd period - Snap shot by Logan Couture.
5:00 of 2nd period - Stopped by Robin Lehner with a rebound.
5:12 of 2nd period - Wrist shot by Ryan Nugent-Hopkins.
5:12 of 2nd period - Stopped by Cam Talbot without a rebound.
5:13 of 2nd period - Evan Rodrigues wins face-off versus Christian Dvorak in San Jose Sharks zone.
5:18 of 2nd period - Wrist shot by Evan Rodrigues.
5:18 of 2nd period - Shot Misses the Net.
5:20 of 2nd period - Wrist shot by Marcus Foligno.
5:20 of 2nd period - Shot Misses the Net.
5:22 of 2nd period - Slapshot by Rasmus Ristolainen.
5:22 of 2nd period - Shot Misses the Net.
5:24 of 2nd period - Slapshot by Tyler Myers.
5:24 of 2nd period - Stopped by Cam Talbot without a rebound.
5:25 of 2nd period - Zemgus Girgensons wins face-off versus Christian Dvorak in San Jose Sharks zone.
5:35 of 2nd period - Off-side.
5:36 of 2nd period - Anthony Cirelli wins face-off versus Evan Rodrigues in neutral zone.
6:01 of 2nd period - Nicolas Deslauriers is hit by Clayton Keller and loses puck.
6:30 of 2nd period - Slapshot by Rasmus Ristolainen.
6:30 of 2nd period - Shot Hit the Post.
6:48 of 2nd period - Slapshot by Brent Burns.
6:48 of 2nd period - Deflect By Marcus Foligno.
6:48 of 2nd period - Stopped by Robin Lehner with a rebound.
7:17 of 2nd period - Minor Penalty to Brendan Guhle for Tripping.
7:18 of 2nd period - Christian Dvorak wins face-off versus Jesper Fast in Buffalo Sabres zone.
9:17 of 2nd period - Penalty to Brendan Guhle is over, Brendan Guhle is back on ice.
9:26 of 2nd period - Ryan Nugent-Hopkins is hit by Anthony Cirelli and loses puck.
9:35 of 2nd period - Slapshot by Ryan Nugent-Hopkins.
9:35 of 2nd period - Shot Misses the Net.
9:47 of 2nd period - Tyler Myers is hit by Drew Stafford and loses puck.
9:58 of 2nd period - Andre Burakovsky is hit by Filip Chlapik and loses puck.
10:29 of 2nd period - Slapshot by Curtis Lazar.
10:29 of 2nd period - Stopped by Cam Talbot without a rebound.
10:30 of 2nd period - Drew Stafford wins face-off versus Zemgus Girgensons in San Jose Sharks zone.
10:30 of 2nd period - Drew Stafford is hit by Curtis Lazar.
10:42 of 2nd period - Karl Alzner is hit by Curtis Lazar and loses puck.
10:58 of 2nd period - Andre Burakovsky is hit by Curtis Lazar and loses puck.
11:07 of 2nd period - Nicolas Deslauriers is hit by Andre Burakovsky and loses puck.
11:16 of 2nd period - Snap shot by Nicolas Deslauriers.
11:16 of 2nd period - Shot Blocked by Mikkel Boedker.
11:18 of 2nd period - Snap shot by Zemgus Girgensons.
11:18 of 2nd period - Shot Blocked by Mike Reilly.
11:20 of 2nd period - Slapshot by Nicolas Deslauriers.
11:20 of 2nd period - Shot Misses the Net.
11:26 of 2nd period - Wrist shot by Nicolas Deslauriers.
11:26 of 2nd period - Stopped by Cam Talbot with a rebound.
11:28 of 2nd period - Slapshot by Casey Nelson.
11:28 of 2nd period - Deflect By Zemgus Girgensons.
11:28 of 2nd period - Stopped by Cam Talbot with a rebound.
11:34 of 2nd period - Snap shot by Nicolas Deslauriers.
11:34 of 2nd period - Stopped by Cam Talbot without a rebound.
11:35 of 2nd period - Christian Dvorak wins face-off versus Evan Rodrigues in San Jose Sharks zone.
11:56 of 2nd period - Jake McCabe is hit by Christian Dvorak and loses puck.
12:59 of 2nd period - Wrist shot by Evan Rodrigues.
12:59 of 2nd period - Shot Blocked by Aaron Ekblad.
13:05 of 2nd period - Wrist shot by Evan Rodrigues.
13:05 of 2nd period - Shot Misses the Net.
13:11 of 2nd period - Snap shot by Evan Rodrigues.
13:11 of 2nd period - Shot Misses the Net.
13:13 of 2nd period - Backhand shot by Marcus Foligno.
13:13 of 2nd period - Stopped by Cam Talbot with a rebound.
13:39 of 2nd period - Timo Meier is hit by Jake McCabe and loses puck.
14:36 of 2nd period - Evan Rodrigues is hit by Brent Burns and loses puck.
14:42 of 2nd period - Off-side.
14:43 of 2nd period - John Tavares wins face-off versus Chris Tierney in neutral zone.
14:45 of 2nd period - Rasmus Ristolainen is hit by Karl Alzner and loses puck.
15:01 of 2nd period - Minor Penalty to Jesper Fast for Hooking.
15:02 of 2nd period - John Tavares wins face-off versus Chris Tierney in Buffalo Sabres zone.
15:02 of 2nd period - John Tavares is hit by Logan Couture.
15:07 of 2nd period - Slapshot by Rasmus Ristolainen.
15:07 of 2nd period - Shot Misses the Net.
15:09 of 2nd period - Wrist shot by Rasmus Ristolainen.
15:09 of 2nd period - Shot Misses the Net.
15:11 of 2nd period - Slapshot by Rasmus Ristolainen.
15:11 of 2nd period - Shot Misses the Net.
15:13 of 2nd period - Snap shot by John Tavares.
15:13 of 2nd period - Stopped by Cam Talbot with a rebound.
15:15 of 2nd period - Slapshot by Tyler Myers.
15:15 of 2nd period - Shot Misses the Net.
15:17 of 2nd period - Slapshot by Tyler Myers.
15:17 of 2nd period - Stopped by Cam Talbot with a rebound.
15:27 of 2nd period - Ryan Nugent-Hopkins is hit by Andre Burakovsky and loses puck.
15:52 of 2nd period - Karl Alzner is hit by Nicolas Deslauriers and loses puck.
17:01 of 2nd period - Penalty to Jesper Fast is over, Jesper Fast is back on ice.
17:15 of 2nd period - Drew Stafford is hit by Nicolas Deslauriers and loses puck.
Goals for this period are 1 for Buffalo Sabres vs 0 for San Jose Sharks.
Shots for this period are 16 for Buffalo Sabres vs 8 for San Jose Sharks.

3rd period


0:01 of 3rd period - Chris Tierney wins face-off versus Zemgus Girgensons in neutral zone.
0:32 of 3rd period - Snap shot by Ryan Nugent-Hopkins.
0:32 of 3rd period - Stopped by Cam Talbot with a rebound.
1:02 of 3rd period - Casey Nelson is hit by Karl Alzner and loses puck.
1:41 of 3rd period - Snap shot by Mikkel Boedker.
1:41 of 3rd period - Stopped by Robin Lehner without a rebound.
1:42 of 3rd period - Anthony Cirelli wins face-off versus John Tavares in Buffalo Sabres zone.
1:45 of 3rd period - Wrist shot by Andre Burakovsky.
1:45 of 3rd period - Shot Misses the Net.
1:47 of 3rd period - Wrist shot by Mikkel Boedker.
1:47 of 3rd period - Goal by Mikkel Boedker - Buffalo Sabres : 1 - San Jose Sharks : 2.
1:48 of 3rd period - Chris Tierney wins face-off versus Zemgus Girgensons in neutral zone.
1:53 of 3rd period - Wrist shot by Logan Couture.
1:53 of 3rd period - Stopped by Robin Lehner with a rebound.
2:13 of 3rd period - Tyler Myers is hit by Roman Polak and loses puck.
2:52 of 3rd period - Filip Chlapik is hit by Drew Stafford.
2:58 of 3rd period - Slapshot by Justin Bailey.
2:58 of 3rd period - Stopped by Cam Talbot with a rebound.
3:18 of 3rd period - Nicolas Deslauriers is hit by Kevin Labanc and loses puck.
3:39 of 3rd period - Icing by Andre Burakovsky.
3:40 of 3rd period - Evan Rodrigues wins face-off versus Anthony Cirelli in San Jose Sharks zone.
4:25 of 3rd period - Rasmus Ristolainen is hit by Timo Meier.
4:32 of 3rd period - Snap shot by Rasmus Ristolainen.
4:32 of 3rd period - Stopped by Cam Talbot with a rebound.
4:34 of 3rd period - Slapshot by Rasmus Ristolainen.
4:34 of 3rd period - Stopped by Cam Talbot with a rebound.
4:44 of 3rd period - Christian Dvorak is hit by Nicholas Baptiste and loses puck.
5:03 of 3rd period - Evan Rodrigues is hit by Tyler Ennis and loses puck.
5:42 of 3rd period - Snap shot by Mikkel Boedker.
5:42 of 3rd period - Shot Misses the Net.
5:44 of 3rd period - Slapshot by Aaron Ekblad.
5:44 of 3rd period - Shot Blocked by Casey Nelson.
6:07 of 3rd period - Off-side.
6:08 of 3rd period - Drew Stafford wins face-off versus Filip Chlapik in neutral zone.
6:13 of 3rd period - Snap shot by Tommy Wingels.
6:13 of 3rd period - Shot Misses the Net.
6:15 of 3rd period - Slapshot by Drew Stafford.
6:15 of 3rd period - Shot Misses the Net.
6:17 of 3rd period - Snap shot by Tyler Ennis.
6:17 of 3rd period - Stopped by Robin Lehner with a rebound.
6:19 of 3rd period - Wrist shot by Karl Alzner.
6:19 of 3rd period - Shot Blocked by Rasmus Ristolainen.
6:44 of 3rd period - Slapshot by Ryan Nugent-Hopkins.
6:44 of 3rd period - Shot Blocked by Karl Alzner.
7:14 of 3rd period - Marcus Foligno is hit by Roman Polak.
7:19 of 3rd period - Off-side.
7:20 of 3rd period - John Tavares wins face-off versus Clayton Keller in neutral zone.
8:06 of 3rd period - Tyler Myers is hit by Tommy Wingels and loses puck.
8:46 of 3rd period - Karl Alzner is hit by Brendan Guhle and loses puck.
9:07 of 3rd period - Roman Polak is hit by Evan Rodrigues and loses puck.
9:33 of 3rd period - Icing by Nicolas Deslauriers.
9:34 of 3rd period - Filip Chlapik wins face-off versus Anthony Cirelli in Buffalo Sabres zone.
9:42 of 3rd period - Backhand shot by Roman Polak.
9:42 of 3rd period - Shot Misses the Net.
9:52 of 3rd period - Justin Bailey is hit by Clayton Keller and loses puck.
9:59 of 3rd period - Wrist shot by Clayton Keller.
9:59 of 3rd period - Goal by Clayton Keller - Buffalo Sabres : 1 - San Jose Sharks : 3.
10:00 of 3rd period - John Tavares wins face-off versus Mikkel Boedker in neutral zone.
11:28 of 3rd period - Slapshot by Mikkel Boedker.
11:28 of 3rd period - Shot Misses the Net.
12:50 of 3rd period - Slapshot by Evan Rodrigues.
12:50 of 3rd period - Stopped by Cam Talbot without a rebound.
12:51 of 3rd period - John Tavares wins face-off versus Anthony Cirelli in San Jose Sharks zone.
12:54 of 3rd period - Snap shot by John Tavares.
12:54 of 3rd period - Shot Misses the Net.
13:37 of 3rd period - Wrist shot by Mikkel Boedker.
13:37 of 3rd period - Stopped by Robin Lehner with a rebound.
13:39 of 3rd period - Snap shot by Andre Burakovsky.
13:39 of 3rd period - Deflect By Anthony Cirelli.
13:39 of 3rd period - Shot Misses the Net.
13:39 of 3rd period - Puck is out of play.
13:40 of 3rd period - Evan Rodrigues wins face-off versus Christian Dvorak in Buffalo Sabres zone.
13:42 of 3rd period - Minor Penalty to Brendan Guhle for High sticking.
13:43 of 3rd period - Christian Dvorak wins face-off versus Jesper Fast in Buffalo Sabres zone.
13:43 of 3rd period - Slapshot by Kevin Labanc.
13:43 of 3rd period - Shot Blocked by Jesper Fast.
13:45 of 3rd period - Snap shot by Christian Dvorak.
13:45 of 3rd period - Deflect By Kevin Labanc.
13:45 of 3rd period - Stopped by Robin Lehner without a rebound.
13:46 of 3rd period - Christian Dvorak wins face-off versus Jesper Fast in Buffalo Sabres zone.
14:16 of 3rd period - Icing by Brent Burns.
14:17 of 3rd period - John Tavares wins face-off versus Chris Tierney in San Jose Sharks zone.
14:40 of 3rd period - Logan Couture is hit by Jesper Fast and loses puck.
15:25 of 3rd period - Wrist shot by Chris Tierney.
15:25 of 3rd period - Shot Misses the Net.
15:27 of 3rd period - Slapshot by Brent Burns.
15:27 of 3rd period - Shot Blocked by Tyler Myers.
15:37 of 3rd period - Slapshot by Logan Couture.
15:37 of 3rd period - Deflect By Rasmus Ristolainen.
15:37 of 3rd period - Shot Misses the Net.
15:37 of 3rd period - Puck is out of play.
15:38 of 3rd period - Christian Dvorak wins face-off versus Jesper Fast in Buffalo Sabres zone.
15:42 of 3rd period - Penalty to Brendan Guhle is over, Brendan Guhle is back on ice.
16:19 of 3rd period - Snap shot by Justin Bailey.
16:19 of 3rd period - Shot Misses the Net.
16:21 of 3rd period - Slapshot by Jake McCabe.
16:21 of 3rd period - Shot Misses the Net.
17:16 of 3rd period - Icing by John Tavares.
17:17 of 3rd period - Logan Couture wins face-off versus Zemgus Girgensons in Buffalo Sabres zone.
18:12 of 3rd period - Slapshot by Brendan Guhle.
18:12 of 3rd period - Stopped by Cam Talbot without a rebound.
18:13 of 3rd period - Christian Dvorak wins face-off versus Zemgus Girgensons in San Jose Sharks zone.
18:53 of 3rd period - Ryan Nugent-Hopkins is hit by Karl Alzner and loses puck.
18:58 of 3rd period - Wrist shot by Clayton Keller.
18:58 of 3rd period - Stopped by Robin Lehner without a rebound.
18:59 of 3rd period - Zemgus Girgensons wins face-off versus Anthony Cirelli in Buffalo Sabres zone.
18:59 of 3rd period - Zemgus Girgensons is hit by Anthony Cirelli.
19:07 of 3rd period - Wrist shot by Anthony Cirelli.
19:07 of 3rd period - Shot Hit the Post.
19:13 of 3rd period - Aaron Ekblad is hit by Jake McCabe and loses puck.
19:20 of 3rd period - Minor Penalty to Anthony Cirelli for Tripping.
19:21 of 3rd period - Marcus Foligno wins face-off versus Chris Tierney in San Jose Sharks zone.
19:34 of 3rd period - Snap shot by Marcus Foligno.
19:34 of 3rd period - Shot Blocked by Tommy Wingels.
19:36 of 3rd period - Slapshot by Marco Scandella.
19:36 of 3rd period - Shot Misses the Net.
Goals for this period are 0 for Buffalo Sabres vs 2 for San Jose Sharks.
Shots for this period are 6 for Buffalo Sabres vs 8 for San Jose Sharks.